 Dungeon Crawl Stone Soup version 0.31-a0-662-g684573625c (webtiles) character file.

Game seed: 16098095343477621125

13 Dordric the Changeling (level 2, -1/11 HPs)
             Began as an Octopode Shapeshifter on Aug 31, 2023.
             Slain by a quokka (5 damage)
             ... on level 1 of the Dungeon.
             The game lasted 00:00:20 (249 turns).

Dordric the Changeling (Octopode Shapeshifter)       Turns: 249, Time: 00:00:20

Health: -1/11      AC:  1    Str: 13    XL:     2   Next: 37%
Magic:  2/2        EV: 13    Int: 12    God:
Gold:   0          SH:  0    Dex: 11    Spells: 1/1 levels left

rFire   . .          .
                       - Unarmed
rCold   . . .        (shield currently unavailable)
rNeg    . . .        (helmet restricted)
rPois   .            (no amulet)
rElec   .            (no ring)
rCorr   .            (no ring)
SInv    .            (no ring)
Will    .....        (no ring)
Stlth   +            (no ring)
HPRegen 0.21/turn    (no ring)
MPRegen 0.08/turn    (no ring)
                     (no ring)

%: no passive effects
@: flux-form, glowing
A: glow, contaminating, reduced hp, almost no armour, amphibious, 8 rings,
camouflage 1, gelatinous body 1, (nimble swimmer 1), tentacles
a: Begin Untransformation


You were on level 1 of the Dungeon.
You were something dangerously unstable.
You visited 1 branch of the dungeon, and saw 2 of its levels.

Inventory:

Talismans
 b - a beast talisman
 c - a flux talisman (active)
Potions
 a - a potion of lignification
 d - a potion of curing {unknown}
 e - a potion of berserk rage {unknown}


   Skills:
 - Level 1.0 Fighting
 - Level 2.0 Dodging
 - Level 3.0 Unarmed Combat
 + Level 3.6 Shapeshifting


You had one spell level left.
You didn't know any spells.
Your spell library was empty.

Dungeon Overview and Level Annotations

Branches:
Dungeon (2/15)

Altars:


Innate Abilities, Weirdness & Mutations

You are something dangerously unstable.
You glow with magical radiation, making you easy to see and hit.
Foes you strike become dangerously contaminated with magical radiation.
Your maximum health is decreased, since you lack skill for your form.
You are incapable of wielding weapons or throwing items.
You cannot wear most types of armour.
You are amphibious.
You can wear up to eight rings at the same time.
Your skin changes colour to match your surroundings (Stealth+).
Your rubbery body absorbs attacks. (AC +1, EV +1)
((You are camouflaged when in or above water. (Stealth+)))
You have tentacles for arms and can constrict up to eight enemies at once.


Message History

A quokka is nearby!
A quokka is nearby!
A rat comes into view.
There is an escape hatch in the floor here.
You closely miss the quokka. Your grab misses the quokka.
The quokka twitches its whiskers.
The quokka bites you.
You closely miss the quokka. You grab the quokka. You constrict the quokka.
The rat bites you. The quokka bites you.
* * * LOW HITPOINT WARNING * * *
You are too injured to fight recklessly!
You are too injured to fight recklessly!
You are too injured to fight recklessly!
You are too injured to fight recklessly!
You are too injured to fight recklessly!
You are too injured to fight recklessly!
You are too injured to fight recklessly!
You are too injured to fight recklessly!
You are too injured to fight recklessly!
You are too injured to fight recklessly!
You are too injured to fight recklessly!
You are too injured to fight recklessly!
You are too injured to fight recklessly!
You are too injured to fight recklessly!
You are too injured to fight recklessly!
You are too injured to fight recklessly!
You release your grip on the quokka.
The rat attacks as it pursues you! The rat bites you.
* * * LOW HITPOINT WARNING * * *
There is an escape hatch in the floor here.
The quokka attacks as it pursues you! The quokka barely misses you.
The rat attacks as it pursues you! The rat closely misses you.
The quokka bites you but does no damage.
The rat attacks as it pursues you! The rat misses you.
You barely miss the rat. Your grab misses the rat. You squeeze the rat.
You kill the rat!
You barely miss the quokka. You grab the quokka.
The quokka is moderately wounded.
You constrict the quokka. The quokka bites you.
You die...

### #.# #.####.#
#.#....#.#
#.#.##.#.########.
#.#.##.#..........
#.#.##.#..........
#.#.##.#..........
#.#.#.Br>.........
###.#.####..........
#>...........####+#+
###...####.#.# #...#
....# #...# ......
#.........###
#.#........ #.....##


You could see a quokka.

Vanquished Creatures
  A dart slug (D:2)
  2 bats (D:1)
  An endoplasm (D:1)
  2 hobgoblins (D:1)
  2 ball pythons (D:1)
  A kobold (D:1)
  A rat (D:1)
10 creatures vanquished.

Notes
Turn   | Place    | Note
-------+----------+-------------------------------------------
     0 | D:1      | Dordric the Octopode Shapeshifter began the quest for the
                  | Orb.
     0 | D:1      | Reached XP level 1. HP: 13/13 MP: 1/1
   159 | D:1      | Reached XP level 2. HP: 11/18 MP: 2/2
   194 | D:1      | You fall into a shaft and drop 1 floor!
   249 | D:1      | Slain by a quokka

Illustrated notes

Levels and vault maps discovered:
D:1:      ncdulo_smallfort, layout_basic, palyth_stone_intersect
D:2:      layout_rooms, uniq_jessica

Action                     || total
---------------------------++-------
  Melee: Unarmed           ||    28
         Constrict         ||     8
         Tentacles         ||     7
 Armour: Skin              ||    13
  Dodge: Dodged            ||    21
   Form: Flux              ||     1

Table legend: (Time is in decaauts)
 A = Elapsed time spent in this place.
 B = Non-inter-level travel time spent in this place.
 C = Inter-level travel time spent in this place.
 D = Time resting spent in this place.
 E = Time spent auto-exploring this place.
 F = Levels seen in this place.
 G = Mean time per level.
                   A        B        C        D        E       F      G
               +--------+--------+--------+--------+--------+-----+--------+
         Total |    247 |    240 |      7 |      0 |    171 |   2 |  123.5 |
       Dungeon |    247 |    240 |      7 |      0 |    171 |   2 |  123.5 |
               +--------+--------+--------+--------+--------+-----+--------+

Top non-repeatable levels by time:
     D:1: 224 daAuts
     D:2: 22 daAuts
